MLB
BALTIMORE ORIOLES @ NEW YORK METS
06/06/2018
 
TOP OF THE 1ST
Baltimore Orioles batting - Pitching for New York Mets : LHP Eduardo Rodriguez
Pitching: LHP Eduardo Rodriguez
Batting: LHB Derek Fisher 0-0: Ball
1-0: Foul Ball, location: 2F
1-1: Ball
2-1: Ball
3-1: Base on Balls
Batting: SHB Johan Camargo 0-0: Ball
1-0: Ball
2-0: Foul Ball, location: 2F
2-1: Called Strike
2-2: Ball
3-2: Base on Balls
Derek Fisher to second
Batting: LHB Rafael Devers 0-0: Ball
1-0: SINGLE (Groundball, 56D)
Derek Fisher to third
Johan Camargo to second
Batting: SHB Dexter Fowler 0-0: Ball
1-0: Fly out, F8 (Flyball, 89D)
Runner from 3rd tags up, SCORES, no throw by CF
Johan Camargo to third
Batting: LHB Curtis Granderson 0-0: Called Strike
0-1: Ball
1-1: Swinging Strike
1-2: Foul Ball, location: 2F
1-2: Strikes out looking
Batting: LHB John Jaso 0-0: Ball
1-0: Foul Ball, location: 2F
1-1: Foul Ball, location: 2F
1-2: Foul Ball, location: 2F
1-2: Ground out 6-3 (Groundball, 6MS)
Top of the 1st over - 1 run, 1 hit, 0 errors, 2 left on base; Baltimore 1 - New York 0
BOTTOM OF THE 1ST
New York Mets batting - Pitching for Baltimore Orioles : RHP Chance Adams
Pitching: RHP Chance Adams
Batting: SHB Ian Happ 0-0: Ball
1-0: Ball
2-0: Ball
3-0: Foul Ball, location: 2F
3-1: Base on Balls
Batting: RHB Starlin Castro 0-0: Fly out, F8 (Flyball, 78D)
Batting: LHB Eddie Rosario 0-0: Called Strike
0-1: Ball
1-1: Called Strike
1-2: Ball
2-2: Ball
3-2: Ground out 4-3 (Groundball, 34D)
Ian Happ to second
Batting: LHB Mitch Moreland 0-0: Ball
1-0: Ball
2-0: Ball
3-0: Base on Balls
Batting: LHB Travis Shaw 0-0: Ball
1-0: Ball
2-0: Ball
Wild Pitch!
Ian Happ to third
Mitch Moreland to second
3-0: Base on Balls
Batting: RHB Salvador Perez 0-0: Fly out, F7 (Line Drive, 7D)
Bottom of the 1st over - 0 runs, 0 hits, 0 errors, 3 left on base; Baltimore 1 - New York 0
TOP OF THE 2ND
Baltimore Orioles batting - Pitching for New York Mets : LHP Eduardo Rodriguez
Batting: SHB Jorge Polanco 0-0: Called Strike
0-1: Foul Ball, location: 2F
0-2: Foul Ball, location: 2F
0-2: Foul Ball, location: 2F
0-2: Ball
1-2: Ball
2-2: Ground out 6-3 (Groundball, 6M)
Batting: LHB Stephen Vogt 0-0: Fly out, F3 (Line Drive, 3)
Batting: RHB Chance Adams 0-0: Foul Ball, location: 2F
0-1: Ball
1-1: Ball
2-1: Called Strike
2-2: Ball
3-2: Strikes out swinging
Top of the 2nd over - 0 runs, 0 hits, 0 errors, 0 left on base; Baltimore 1 - New York 0
BOTTOM OF THE 2ND
New York Mets batting - Pitching for Baltimore Orioles : RHP Chance Adams
Batting: LHB Scott Schebler 0-0: Ball
1-0: Ball
2-0: Swinging Strike
2-1: Swinging Strike
2-2: Ball
3-2: Strikes out looking
Batting: RHB Nick Ahmed 0-0: Ball
1-0: Called Strike
1-1: Ground out 5-3 (Groundball, 56)
Batting: LHB Eduardo Rodriguez 0-0: Foul Ball, location: 2F
0-1: Swinging Strike
0-2: Ball
1-2: Ball
2-2: Ground out U3 (Groundball, 3)
Bottom of the 2nd over - 0 runs, 0 hits, 0 errors, 0 left on base; Baltimore 1 - New York 0
TOP OF THE 3RD
Baltimore Orioles batting - Pitching for New York Mets : LHP Eduardo Rodriguez
Batting: LHB Derek Fisher 0-0: Ball
1-0: Called Strike
1-1: Called Strike
1-2: Strikes out looking
Batting: SHB Johan Camargo 0-0: Ball
1-0: Foul Ball, location: 2F
1-1: Bunt for hit to 15S - play at first, batter OUT! 1-3
Batting: LHB Rafael Devers 0-0: Called Strike
0-1: SINGLE (Groundball, 4D)
Batting: SHB Dexter Fowler 0-0: Ball
1-0: Fly out, F4 (Popup, 34)
Top of the 3rd over - 0 runs, 1 hit, 0 errors, 1 left on base; Baltimore 1 - New York 0
BOTTOM OF THE 3RD
New York Mets batting - Pitching for Baltimore Orioles : RHP Chance Adams
Batting: SHB Ian Happ 0-0: Fly out, F5 (Flyball, 5D)
Batting: RHB Starlin Castro 0-0: SOLO HOME RUN (Flyball, 7D), Distance : 367 ft
Batting: LHB Eddie Rosario 0-0: Called Strike
0-1: Ball
1-1: Foul Ball, location: 2F
1-2: Fly out, F7 (Flyball, 7D)
Batting: LHB Mitch Moreland 0-0: Ball
1-0: Foul Ball, location: 2F
1-1: Fly out, F9 (Flyball, 9D)
Bottom of the 3rd over - 1 run, 1 hit, 0 errors, 0 left on base; Baltimore 1 - New York 1
TOP OF THE 4TH
Baltimore Orioles batting - Pitching for New York Mets : LHP Eduardo Rodriguez
Batting: LHB Curtis Granderson 0-0: Ball
1-0: Called Strike
1-1: Called Strike
1-2: Strikes out looking
Batting: LHB John Jaso 0-0: Ball
1-0: Called Strike
1-1: Foul Ball, location: 2F
1-2: Ball
2-2: Ball
3-2: Strikes out swinging
Batting: SHB Jorge Polanco 0-0: Bunt for hit to 13S - play at first, batter OUT! 1-3
Top of the 4th over - 0 runs, 0 hits, 0 errors, 0 left on base; Baltimore 1 - New York 1
BOTTOM OF THE 4TH
New York Mets batting - Pitching for Baltimore Orioles : RHP Chance Adams
Batting: LHB Travis Shaw 0-0: Called Strike
0-1: Called Strike
0-2: Ball
1-2: Foul Ball, location: 2F
1-2: Foul Ball, location: 2F
1-2: Ball
2-2: Ball
3-2: Base on Balls
Batting: RHB Salvador Perez 0-0: Called Strike
0-1: Ball
1-1: SINGLE (Groundball, 56D)
Travis Shaw to second
Batting: LHB Scott Schebler 0-0: Ball
1-0: Foul Ball, location: 2F
1-1: Ball
2-1: Called Strike
2-2: Grounds into double play, 4-6-3 (Groundball, 4)
Travis Shaw to third
Batting: RHB Nick Ahmed 0-0: Intentional Walk
Batting: LHB Eduardo Rodriguez 0-0: Called Strike
0-1: Ball
1-1: Foul Ball, location: 2F
1-2: Ground out 4-3 (Groundball, 34)
Bottom of the 4th over - 0 runs, 1 hit, 0 errors, 2 left on base; Baltimore 1 - New York 1
TOP OF THE 5TH
Baltimore Orioles batting - Pitching for New York Mets : LHP Eduardo Rodriguez
Batting: LHB Stephen Vogt 0-0: SINGLE (Line Drive, 9S)
Batting: RHB Chance Adams 0-0: Sac Bunt to 15 - play at first, batter OUT! 1-4
Stephen Vogt to second
Batting: LHB Derek Fisher 0-0: Called Strike
0-1: Ball
1-1: Swinging Strike
1-2: Foul Ball, location: 2F
1-2: Ball
2-2: Ball
3-2: Base on Balls
Batting: SHB Johan Camargo 0-0: Ball
1-0: Foul Ball, location: 2F
1-1: Foul Ball, location: 2F
1-2: Ball
2-2: Foul Ball, location: 2F
2-2: Strikes out swinging
Batting: LHB Rafael Devers 0-0: Ball
1-0: Foul Ball, location: 2F
1-1: Ball
2-1: Swinging Strike
2-2: Strikes out swinging
Top of the 5th over - 0 runs, 1 hit, 0 errors, 2 left on base; Baltimore 1 - New York 1
BOTTOM OF THE 5TH
New York Mets batting - Pitching for Baltimore Orioles : RHP Chance Adams
Pitching: RHP Jimmie Sherfy
Batting: SHB Ian Happ 0-0: Foul Ball, location: 2F
0-1: Bunted foul
0-2: Ball
1-2: Ball
2-2: Fly out, F9 (Flyball, 89M)
Batting: RHB Starlin Castro 0-0: Called Strike
0-1: Fly out, F3 (Flyball, 3D)
Batting: LHB Eddie Rosario 0-0: Called Strike
0-1: Called Strike
0-2: Strikes out swinging
Bottom of the 5th over - 0 runs, 0 hits, 0 errors, 0 left on base; Baltimore 1 - New York 1
TOP OF THE 6TH
Baltimore Orioles batting - Pitching for New York Mets : LHP Eduardo Rodriguez
Batting: SHB Dexter Fowler 0-0: Ball
1-0: Ball
2-0: Called Strike
2-1: Foul Ball, location: 2F
2-2: Foul Ball, location: 2F
2-2: Ground out 5-3 (Groundball, 5D)
Batting: LHB Curtis Granderson 0-0: Ball
1-0: Fly out, F8 (Flyball, 8RD)
Batting: LHB John Jaso 0-0: Called Strike
0-1: Foul Ball, location: 2F
0-2: Ball
1-2: Ball
2-2: Ball
3-2: Strikes out swinging, 2-3 out at first.
Top of the 6th over - 0 runs, 0 hits, 0 errors, 0 left on base; Baltimore 1 - New York 1
BOTTOM OF THE 6TH
New York Mets batting - Pitching for Baltimore Orioles : RHP Jimmie Sherfy
Batting: LHB Mitch Moreland 0-0: Called Strike
0-1: Foul Ball, location: 2F
0-2: Foul Ball, location: 2F
0-2: Ball
1-2: Strikes out swinging
Batting: LHB Travis Shaw 0-0: Called Strike
0-1: Swinging Strike
0-2: Ball
1-2: DOUBLE (Line Drive, 89D)
Pitching: RHP Carlos Estevez
Now at 1B: Chase Headley
Batting: RHB Salvador Perez 0-0: Called Strike
0-1: SINGLE (Groundball, 5D)
Travis Shaw to third
Runner from 3rd tries for Home, throw by LF and OUT! 7-2
Salvador Perez to second
Batting: LHB Scott Schebler 0-0: Swinging Strike
0-1: Swinging Strike
0-2: Fly out, F9 (Flyball, 9D)
Bottom of the 6th over - 0 runs, 2 hits, 0 errors, 1 left on base; Baltimore 1 - New York 1
TOP OF THE 7TH
Baltimore Orioles batting - Pitching for New York Mets : LHP Eduardo Rodriguez
Pitching: RHP Zach McAllister
Batting: SHB Jorge Polanco 0-0: Ball
1-0: Foul Ball, location: 2F
1-1: Ball
2-1: Foul Ball, location: 2F
2-2: Foul Ball, location: 2F
2-2: Strikes out swinging
Batting: LHB Stephen Vogt 0-0: Swinging Strike
0-1: Foul Ball, location: 2F
0-2: Hit by Pitch
Batting: SHB Chase Headley 0-0: Foul Ball, location: 2F
0-1: Called Strike
0-2: Strikes out swinging
Batting: LHB Derek Fisher 0-0: Ball
1-0: Called Strike
1-1: Swinging Strike
1-2: Strikes out swinging
Top of the 7th over - 0 runs, 0 hits, 0 errors, 1 left on base; Baltimore 1 - New York 1
BOTTOM OF THE 7TH
New York Mets batting - Pitching for Baltimore Orioles : RHP Carlos Estevez
Batting: RHB Nick Ahmed 0-0: Called Strike
0-1: Ball
1-1: Ball
2-1: Ball
3-1: Base on Balls
Pinch Hitting: LHB Gerardo Parra 0-0: Called Strike
0-1: Called Strike
0-2: Strikes out swinging
Batting: SHB Ian Happ 0-0: Swinging Strike
0-1: Hit by Pitch
Nick Ahmed to second
Batting: RHB Starlin Castro 0-0: Called Strike
Nick Ahmed steals 3rd baseIan Happ to 2nd base
Ian Happ to second
0-1: Fly out, F8 (Flyball, 8RM)
Runner from 3rd tags up, SCORES, no throw by CF
Batting: LHB Eddie Rosario 0-0: Swinging Strike
0-1: Ball
1-1: Called Strike
1-2: Foul Ball, location: 2F
1-2: Ground out 4-3 (Groundball, 34)
Bottom of the 7th over - 1 run, 0 hits, 0 errors, 1 left on base; Baltimore 1 - New York 2
TOP OF THE 8TH
Baltimore Orioles batting - Pitching for New York Mets : RHP Zach McAllister
Pitching: RHP James Hoyt
Batting: SHB Johan Camargo 0-0: Ball
1-0: Called Strike
1-1: Ball
2-1: Foul Ball, location: 2F
2-2: Strikes out swinging
Batting: LHB Rafael Devers 0-0: Ball
1-0: Ball
2-0: Ball
3-0: Called Strike
3-1: Ground out 4-3 (Groundball, 4)
Batting: SHB Dexter Fowler 0-0: Called Strike
0-1: Ball
1-1: Foul Ball, location: 2F
1-2: Ball
2-2: Ground out 2-3 (Groundball, 13S)
Top of the 8th over - 0 runs, 0 hits, 0 errors, 0 left on base; Baltimore 1 - New York 2
BOTTOM OF THE 8TH
New York Mets batting - Pitching for Baltimore Orioles : RHP Carlos Estevez
Pitching: RHP Joe Jimenez
Batting: LHB Mitch Moreland 0-0: Foul Ball, location: 2F
0-1: Foul Ball, location: 2F
0-2: SINGLE (Groundball, 34D)
Batting: LHB Travis Shaw 0-0: Called Strike
0-1: Foul Ball, location: 2F
0-2: Foul Ball, location: 2F
0-2: Strikes out looking
Batting: RHB Salvador Perez 0-0: Called Strike
0-1: Swinging Strike
0-2: Ball
1-2: Foul Ball, location: 2F
1-2: Fly out, F9 (Flyball, 9D)
Batting: LHB Scott Schebler 0-0: Called Strike
0-1: Ball
1-1: Ball
2-1: Foul Ball, location: 2F
2-2: Strikes out swinging
Bottom of the 8th over - 0 runs, 1 hit, 0 errors, 1 left on base; Baltimore 1 - New York 2
TOP OF THE 9TH
Baltimore Orioles batting - Pitching for New York Mets : RHP James Hoyt
Pitching: RHP Corey Knebel
Now at C: Christian Vazquez
Batting: LHB Curtis Granderson 0-0: Ball
1-0: Swinging Strike
1-1: Ground out U3 (Groundball, 3)
Pinch Hitting: RHB Albert Almora 0-0: Fly out, F9 (Flyball, 9S)
Batting: SHB Jorge Polanco 0-0: SINGLE (Groundball, 4MD)
Batting: LHB Stephen Vogt 0-0: Fly out, F8 (Line Drive, 8RD)
Top of the 9th over - 0 runs, 1 hit, 0 errors, 1 left on base; Baltimore 1 - New York 2
Monday, August 13th, 2018 - OOTP Baseball 19.7 Build 59